 Dungeon Crawl Stone Soup version 0.29-a0-419-g77450f2105 (webtiles) character file.

Game seed: 15924716389011873644

1260 Bruhh the Insei (level 8, -3/48 HPs)
             Began as an Octopode Transmuter on May 18, 2022.
             Succumbed to a water moccasin's poison
             ... on level 6 of the Dungeon.
             The game lasted 00:13:00 (7127 turns).

Bruhh the Insei (Octopode Transmuter)               Turns: 7127, Time: 00:13:01

Health: -3/48      AC:  2    Str: 14    XL:     8   Next: 52%
Magic:  12/14      EV: 19    Int: 15    God:
Gold:   252        SH:  5    Dex: 17    Spells: 11/15 levels left

rFire   . . .      SeeInvis .     - Unarmed
rCold   . . .      Faith    .   (shield currently unavailable)
rNeg    . . .      Spirit   .   (helmet currently unavailable)
rPois   x          Reflect  +   e - amulet of reflection
rElec   .          Harm     .   (no ring)
rCorr   .          Rampage  .   (no ring)
Will    .....      Rage     1%  (no ring)
Stlth   ++........              (no ring)
HPRegen 0.16/turn               (no ring)
MPRegen 0.14/turn               (no ring)
                                (no ring)
                                (no ring)

@: lethally poisoned (-3 -> -39), spider-form, hasted, very quick
A: venomous fangs, almost no armour, (amphibious), 8 rings, tiny, (camouflage
1), (gelatinous body 1), (nimble swimmer 1), (tentacles), (antennae 1), berserk
1, strong 1, MP-powered wands
a: End Transformation


You were on level 6 of the Dungeon.
You were a venomous arachnid creature.
You visited 1 branch of the dungeon, and saw 6 of its levels.

You collected 252 gold pieces.

Inventory:

Armour
 p - a +0 cloak
Jewellery
 b - a ring of resist corrosion
 e - an amulet of reflection (around neck)
 h - an amulet of the acrobat
Wands
 k - a wand of paralysis (4)
 w - a wand of flame (28)
Scrolls
 d - 3 scrolls of noise
 f - 3 scrolls of vulnerability
 g - a scroll of immolation
 i - a scroll of blinking
 j - a scroll of fog {unknown}
 l - 3 scrolls of teleportation
 m - a scroll of brand weapon
 n - a scroll of magic mapping {unknown}
 o - a scroll of enchant armour
 q - a scroll of summoning {unknown}
 r - a scroll of acquirement {unknown}
 s - a scroll of torment {unknown}
Potions
 a - a potion of haste
 c - a potion of brilliance
 v - a potion of mutation


   Skills:
 - Level 1.0 Fighting
 - Level 2.0 Dodging
 + Level 7.7 Unarmed Combat
 - Level 4.0 Spellcasting
 + Level 6.2 Transmutations


You had 11 spell levels left.
You knew the following spells:

 Your Spells              Type           Power      Damage    Failure   Level
a - Beastly Appendage     Tmut           42%        N/A       6%          1
b - Spider Form           Tmut/Pois      12%        N/A       34%         3

Your spell library contained the following spells:

 Spells                   Type           Power      Damage    Failure   Level
 Wereblood                Tmut           21%        N/A       9%          2
 Ice Form                 Ice/Tmut       12%        N/A       67%         4


Dungeon Overview and Level Annotations

Branches:
Dungeon (6/15)
 Temple: D:4-7

Altars:
Hepliaklqana

Annotations:
D:5 1 runed translucent door, hofbold's ghost, novice KoHu


Innate Abilities, Weirdness & Mutations

You are a venomous arachnid creature.
You have poisonous fangs.
You are tiny and dextrous.
Your spellcasting is less reliable in this form.
Your armour is entirely melded.
You are incapable of wielding weapons or throwing items.
You cannot wear most types of armour.
((You are amphibious.))
You can wear up to eight rings at the same time.
((Your skin changes colour to match your surroundings (Stealth+).))
((Your rubbery body absorbs attacks. (AC +1, EV +1)))
((You are camouflaged when in or above water. (Stealth+)))
((You have tentacles for arms and can constrict up to eight enemies at once.))
((You have a pair of small antennae on your head.))
You tend to lose your temper in combat.
Your muscles are strong. (Str +2)
You expend magic power (3 MP) to strengthen your wands.


Message History

Confirm with . or Enter, or press ? or * to list all spells.
You turn into a venomous arachnid creature.
The water moccasin barely misses you.
You hit the water moccasin but do no damage.
The water moccasin closely misses you.
You bite the water moccasin!
The water moccasin is moderately wounded.
The water moccasin closely misses you.
You completely miss the water moccasin.
The water moccasin is moderately wounded.
The iguana hisses angrily.
The water moccasin bites you. The water moccasin misses you.
You barely miss the water moccasin.
The water moccasin is moderately wounded.
You block the water moccasin's attack.
You closely miss the water moccasin.
The water moccasin is moderately wounded.
The water moccasin bites you.
You are poisoned.
The water moccasin poisons you!
You barely miss the water moccasin.
The water moccasin is moderately wounded.
You feel extremely sick.
The water moccasin completely misses you.
The iguana bites you!
You are too injured to fight recklessly!
You are too injured to fight recklessly!
You are too injured to fight recklessly!
Unknown command.
It was a potion of haste.
You feel yourself speed up.
You feel extremely sick. The water moccasin misses you.
The water moccasin bites you!
* * * LOW HITPOINT WARNING * * *
You are more poisoned.
The water moccasin poisons you! The iguana closely misses you.
Unknown command.
Okay, then.
* * * LOW HITPOINT WARNING * * *
You feel very sick.
You die...

#..# #...#
...##....#
#..#.....#
........
##.....#
##.....#
...#..l..##
.......S..#
.......#.s##
##....##...#
#...# ##..##
#..# #...#
### ##..#
#..# ##.#
#<# ###


You could see a water moccasin and an iguana.

Vanquished Creatures
  Pikel (D:5)
  2 phantoms
  2 lemures (D:4)
  A necrophage (D:5)
  2 scorpions
  4 hounds
  2 orc priests
  3 iguanas
  3 orc wizards (D:4)
  4 gnolls
  2 adders
  An ufetubus (D:4)
  4 worms
  A dart slug (D:2)
  13 orcs
  4 ball pythons
  8 endoplasms
  2 giant cockroaches
  9 hobgoblins
  2 jackals (D:2)
  8 kobolds
  3 quokkas
  6 bats
  4 frilled lizards
  6 goblins
  6 rats
103 creatures vanquished.

Notes
Turn   | Place    | Note
-------+----------+-------------------------------------------
     0 | D:1      | Bruhh the Octopode Transmuter began the quest for the Orb.
     0 | D:1      | Reached XP level 1. HP: 13/13 MP: 3/3
   260 | D:1      | Reached XP level 2. HP: 17/18 MP: 3/5
   490 | D:1      | Found a faded altar of an unknown god.
  1254 | D:2      | Reached XP level 3. HP: 18/23 MP: 4/6
  1688 | D:2      | Reached skill level 4 in Unarmed Combat
  1688 | D:2      | Reached XP level 4. HP: 19/28 MP: 7/7
  2816 | D:3      | Reached XP level 5. HP: 30/33 MP: 6/8
  3057 | D:3      | Found a hazy altar of Hepliaklqana.
  3550 | D:3      | Learned a level 3 spell: Spider Form
  3887 | D:4      | Reached skill level 5 in Unarmed Combat
  3887 | D:4      | Reached XP level 6. HP: 38/38 MP: 2/9
  4809 | D:4      | Reached skill level 5 in Transmutations
  4918 | D:5      | Entered Level 5 of the Dungeon
  4918 | D:5      | Found a runed translucent door.
  4921 | D:5      | Noticed hofbold's ghost (novice KoHu)
  4938 | D:5      | Reached skill level 6 in Unarmed Combat
  4938 | D:5      | Reached XP level 7. HP: 35/43 MP: 8/10
  5030 | D:5      | Noticed Pikel
  5399 | D:4      | Gained mutation: Your muscles are strong. (Str +2) [potion
                  | of mutation]
  5399 | D:4      | Gained mutation: You tend to lose your temper in combat.
                  | [potion of mutation]
  5399 | D:4      | Gained mutation: You expend magic power (3 MP) to
                  | strengthen your wands. [potion of mutation]
  5399 | D:4      | Gained mutation: You have a pair of small antennae on your
                  | head. [potion of mutation]
  5399 | D:4      | HP: 2/43 [phantom (7)]
  6153 | D:5      | Killed Pikel
  6154 | D:5      | Reached skill level 7 in Unarmed Combat
  6154 | D:5      | Reached XP level 8. HP: 13/48 MP: 0/14
  7126 | D:6      | HP: 2/48 [poisoned by a water moccasin]
  7127 | D:6      | Succumbed to a water moccasin's poison

Illustrated notes

Levels and vault maps discovered:
D:1:      sevenhm_arrival_forest_fort_large_2, layout_rooms,
          dilly_ecumenical_altar_fadedgnrine
D:2:      layout_basic, minmay_liquid_box, hangedman_decor_peaks_small,
          guppyfry_early_orc_mine
D:3:      layout_loops_cross, worldfamousw_hep_ancestral_shrine
D:4:      layout_cave_pools, chequers_serial_rivers_room_b
D:5:      layout_cave_pools, ebering_ghost_sewer_d, uniq_pikel
D:6:      layout_basic, minmay_temple_entry_junction, serial_shops,
          nicolae_shop_trees, minmay_crossroads

Skill      XL: |  1  2  3  4  5  6  7 |
---------------+----------------------+-----
Transmutations | 3 4 5 6 |  6.2
Unarmed Combat | 4 5 6 7 |  7.7
Spellcasting   | 4 |  4.0
Fighting       | |  1.0
Dodging        | |  2.0

Action                   |  1- 3 |  4- 6 |  7- 9 || total
-------------------------+-------+-------+-------++-------
Melee: Unarmed           |    57 |   131 |    76 ||   264
       Constrict         |    17 |    29 |     3 ||    49
       Tentacles         |    14 |    22 |     3 ||    39
       Kick              |    13 |    26 |     1 ||    40
       Punch             |     1 |     5 |       ||     6
 Cast: Beastly Appendage |    22 |    31 |     3 ||    56
       Spider Form       |       |     7 |     8 ||    15
Evoke: Wand              |       |       |     4 ||     4
  Use: Potion            |     2 |     2 |     7 ||    11
       Scroll            |       |       |     8 ||     8
 Stab: Sleeping          |     1 |     4 |       ||     5
Armor: Skin              |     5 |     4 |     7 ||    16
Dodge: Dodged            |    37 |    89 |    72 ||   198
Block: Other             |       |    14 |    16 ||    30
       Reflection        |       |     1 |       ||     1

Table legend: (Time is in decaauts)
 A = Elapsed time spent in this place.
 B = Non-inter-level travel time spent in this place.
 C = Inter-level travel time spent in this place.
 D = Time resting spent in this place.
 E = Time spent auto-exploring this place.
 F = Levels seen in this place.
 G = Mean time per level.
                   A        B        C        D        E       F      G
               +--------+--------+--------+--------+--------+-----+--------+
         Total |   7105 |   6942 |    163 |   1312 |   4776 |   6 | 1184.2 |
       Dungeon |   7105 |   6942 |    163 |   1312 |   4776 |   6 | 1184.2 |
               +--------+--------+--------+--------+--------+-----+--------+

Top non-repeatable levels by time:
     D:4: 1637 daAuts
     D:3: 1528 daAuts
     D:2: 1222 daAuts
     D:1: 1215 daAuts
     D:5: 1135 daAuts
     D:6: 365 daAuts
